Map: Ultralove

Players

wootwoot - Winner!

  • Race: Terran Terran
  • League: Bronze
  • Spawn Location: 1:00

Jolma

  • Race: Terran Terran
  • League: Silver
  • Spawn Location: 7:00

VOD

Have the link to the VOD?

Description

Time

  • Played on: April 21, 2025, 9:37 a.m.
  • Length: 3:08
Show
View Real Time Build Order
Export as new Build Order

wootwoot Terran - Winner!

Build Orders:  

Get SALT Encoding   

  12  0:00  SCV  
  13  0:12  SCV  
  14  0:17  Supply Depot  
  14  0:24  SCV  
  15  0:29  Refinery  
  15  0:39  SCV  
  16  0:49  Barracks  
  16  1:03  Barracks  
  16  1:19  Barracks  
  16  1:26  Refinery  
  16  1:35  Reaper  
  17  1:50  Reaper  
  17  1:53  Orbital Command  
  18  2:06  Reaper  
  18  2:07  Reaper  
  20  2:22  Reaper  
  21  2:23  Supply Depot  
  21  2:38  SCV  
  24  2:55  SCV  
Show
View Real Time Build Order
Export as new Build Order

Jolma Terran 

Build Orders: 2 Factory 

Get SALT Encoding   

  12  0:09  Refinery  
  12  0:22  Supply Depot  
  12  0:25  SCV  
  13  0:37  SCV  
  13  0:40  Refinery  
  14  0:49  SCV  
  15  0:55  Barracks  
  15  1:02  SCV  
  16  1:14  SCV  
  17  1:24  Supply Depot  
  17  1:26  SCV  
  18  1:38  SCV  
  19  1:50  SCV  
  20  2:02  SCV  
  21  2:12  Factory  
  21  2:13  Factory  
  21  2:14  SCV  
  22  2:18  Reaper  
  22  2:26  SCV  
  19  2:42  Bunker  
Tags
 
Matchup
TvT
Opening
2 Factory
Race
Terran
Replay Pack
#1B2M-Replays
Spawn Locations
Cross Positions
Add a new tag
Caveats
  • Supply blocks, unpowered buildings, or Contaminate may cause inaccurate times.
  • Supply counts are checked every 10 seconds.